 Dungeon Crawl Stone Soup version 0.29-a0-617-g7a6b98fccd (webtiles) character file.

Game seed: 2047335279130199669

119 DocClef the Skirmisher (level 5, -6/36 HPs)
             Began as a Gargoyle Fighter on June 17, 2022.
             Killed by divine providence
             ... invoked by an orc priest
              (16 damage)
             ... on level 3 of the Dungeon.
             The game lasted 00:02:29 (2285 turns).

DocClef the Skirmisher (Gargoyle Fighter)           Turns: 2285, Time: 00:02:29

Health: -6/36      AC: 13    Str: 28    XL:     5   Next: 3%
Magic:  5/5        EV:  8    Int:  8    God:
Gold:   125        SH:  4    Dex:  9    Spells: 4/4 levels left

rFire   . . .      SeeInvis .   m - +1 mace (vorpal)
rCold   . . .      Faith    .   c - +0 buckler
rNeg    + . .      Spirit   .   n - +0 chain mail
rPois   ∞          Reflect  .   (no helmet)
rElec   +          Harm     .   (no cloak)
rCorr   .          Rampage  .   (no gloves)
Will    .....                   (no boots)
Stlth   ..........              (no amulet)
HPRegen 0.12/turn               l - +6 ring of strength
MPRegen 0.09/turn               (no ring)

@: no status effects
A: sickness immunity, AC +4, negative energy resistance 1, electricity
resistance, torment resistance 1, petrification resistance
a: no special abilities


You were on level 3 of the Dungeon.
You visited 1 branch of the dungeon, and saw 4 of its levels.

You collected 125 gold pieces.

Inventory:

Hand Weapons
 a - a +0 flail
 m - a +1 vorpal mace (weapon)
Armour
 b - a +0 scale mail
 c - a +0 buckler (worn)
 n - a +0 chain mail (worn)
Jewellery
 l - a +6 ring of strength (left hand)
Wands
 o - a wand of digging (5)
Scrolls
 g - a scroll of identify {unknown}
 h - 4 scrolls of magic mapping {unknown}
 i - a scroll of enchant weapon {unknown}
 k - a scroll of teleportation {unknown}
Potions
 d - a potion of might
 e - a potion of brilliance {unknown}
 f - a potion of flight {unknown}
 j - a potion of resistance {unknown}


   Skills:
 + Level 6.1 Fighting
 - Level 2.0 Maces & Flails
 - Level 3.2 Armour
 - Level 3.2 Shields


You had 4 spell levels left.
You didn't know any spells.
Your spell library was empty.

Dungeon Overview and Level Annotations

Branches:
Dungeon (4/15)
 Temple: D:4-7

Altars:
Fedhas


Innate Abilities, Weirdness & Mutations

You are immune to sickness and miasma.
Your stone body is resilient. (AC +4)
You are immune to poison.
You resist negative energy. (rN+)
You are resistant to electric shocks. (rElec)
You are resistant to unholy torment.
You are immune to petrification.


Message History

m - a +1 vorpal mace (weapon)
Things that are here:
a +0 club; a +0 club You now have 125 gold pieces (gained 18).
o - a wand of digging (5)
A gnoll comes into view. It is wielding a +0 halberd.
The gnoll shouts!
You hear a shout!
A gnoll is nearby!
A gnoll is nearby!
A gnoll is nearby!
A gnoll comes into view. It is wielding a +0 halberd.
There is a huge open gate here.
The gnoll hits you with a +0 halberd.
You sock the gnoll!
The gnoll is almost dead.
The gnoll barely misses you.
A gnoll comes into view. It is wielding a +0 club.
The gnoll hits you with a +0 halberd. x2
The gnoll hits you from afar with a +0 halberd!
An adder comes into view.
The gnoll shouts!
The adder hisses angrily.
You hit the gnoll.
You kill the gnoll!
The gnoll hits you but does no damage.
You have reached level 5!
The gnoll attacks as you move away! The gnoll hits you but does no damage.
There is a huge open gate here.
The gnoll attacks as you move away! The gnoll hits you but does no damage.
The adder barely misses you.
An orc priest comes into view. It is wielding a +0 short sword.
The gnoll attacks as you move away! The gnoll hits you with a +0 club.
You block the adder's attack.
The orc priest looks braver for a moment.
The adder attacks as you move away! The adder bites you.
* * * LOW HITPOINT WARNING * * *
The adder closely misses you.
The orc priest mumbles some strange prayers to Beogh against you.
Beogh smites you!
You die...

..'....'. #o..)# ≈### #....#
≈#...#############''''######
≈#.gg#......................
≈#####≈≈≈≈≈≈≈≈≈≈≈≈....≈≈≈≈≈≈
≈≈≈≈≈≈≈≈≈≈≈≈≈≈≈≈≈g....≈≈≈≈≈≈
≈≈≈≈≈≈≈≈≈≈≈≈≈≈≈≈≈≈S...≈≈≈≈≈≈
P...............@.g.).......
....................)####.##
...#....######..###### .#
##...##########.###
###....##≈≈.....#.###
....#..##≈.≈....#...#
#####..##≈≈.....#...# #
#..''.≈.....#..)# #
#..##≈≈≈....#...#


You could see an orc priest, 2 gnolls and an adder.

Vanquished Creatures
  3 adders
  A gnoll (D:3)
  4 dart slugs
  2 orcs (D:3)
  4 ball pythons
  6 bats
  5 endoplasms
  2 giant cockroaches
  10 hobgoblins
  5 jackals
  4 kobolds
  2 quokkas
  2 frilled lizards (D:1)
  8 goblins
  9 rats
67 creatures vanquished.

Notes
Turn   | Place    | Note
-------+----------+-------------------------------------------
     0 | D:1      | DocClef the Gargoyle Fighter began the quest for the Orb.
     0 | D:1      | Reached XP level 1. HP: 14/14 MP: 1/1
    65 | D:1      | Reached XP level 2. HP: 17/20 MP: 2/2
   126 | D:1      | Reached skill level 4 in Fighting
   483 | D:1      | Reached XP level 3. HP: 24/24 MP: 3/3
   497 | D:1      | Found a faded altar of an unknown god.
   862 | D:2      | Reached skill level 5 in Fighting
   994 | D:2      | Reached XP level 4. HP: 31/31 MP: 4/4
  1052 | D:3      | Found a blossoming altar of Fedhas.
  2015 | D:2      | You fall into a shaft and drop 1 floor!
  2205 | D:3      | Reached skill level 6 in Fighting
  2279 | D:3      | Reached XP level 5. HP: 14/36 MP: 5/5
  2285 | D:3      | Killed from afar by an orc priest

Illustrated notes

Levels and vault maps discovered:
D:1:      mrwooster_arrival_statue_3, layout_rooms,
          hellmonk_ecumenical_altar_dog_temple, minmay_pentomino_v4
D:2:      layout_loops_corners
D:3:      lemuel_castle_with_subvaults [lemuel_castle_interior_carwin_3],
          layout_rooms, mainiacjoe_overflow_brackets, minmay_goblin_outpost
D:4:      layout_basic, minmay_temple_entry_offerings, minmay_fountain_box,
          minmay_close_crescents

Skill      XL: |  1  2  3  4 |
---------------+-------------+-----
Fighting       | 4 5 6 |  6.1
Maces & Flails | |  2.0
Armour         | |  3.2
Shields        | |  3.2

Action                   |  1- 3 |  4- 6 || total
-------------------------+-------+-------++-------
Melee: Flail             |   116 |    89 ||   205
       Mace              |       |     2 ||     2
 Stab: Sleeping          |       |     1 ||     1
Armor: Scale mail        |    83 |    62 ||   145
       Chain mail        |       |     3 ||     3
Dodge: Dodged            |    83 |    59 ||   142
Block: Buckler           |    26 |    22 ||    48

Table legend: (Time is in decaauts)
 A = Elapsed time spent in this place.
 B = Non-inter-level travel time spent in this place.
 C = Inter-level travel time spent in this place.
 D = Time resting spent in this place.
 E = Time spent auto-exploring this place.
 F = Levels seen in this place.
 G = Mean time per level.
                   A        B        C        D        E       F      G
               +--------+--------+--------+--------+--------+-----+--------+
         Total |   2354 |   2321 |     33 |    494 |   1286 |   4 |  588.5 |
       Dungeon |   2354 |   2321 |     33 |    494 |   1286 |   4 |  588.5 |
               +--------+--------+--------+--------+--------+-----+--------+

Top non-repeatable levels by time:
     D:2: 886 daAuts
     D:1: 830 daAuts
     D:3: 556 daAuts
     D:4: 81 daAuts
